 Dungeon Crawl Stone Soup version 0.18.1-6-gd335043 (webtiles) character file.

609 M4edhros the Cleaver (level 7, -6/85 HPs)
             Began as a Minotaur Berserker on May 20, 2016.
             Was a Believer of Trog.
             Shot with an arrow by a centaur (7 damage)
             ... on level 6 of the Dungeon.
             The game lasted 00:03:16 (629 turns).

M4edhros the Cleaver (Minotaur Berserker)            Turns: 629, Time: 00:03:17

Health: -6/85      AC: 11    Str: 26    XL:     7   Next: 19%
Magic:  6/6        EV:  3    Int:  4    God:    Trog [**....]
Gold:   61         SH:  0    Dex: 16    Spells: 0 memorised, 6 levels left

rFire  . . .     SeeInvis .     a - +0 hand axe
rCold  . . .     Gourm    .     q - +0 plate armour (curse)
rNeg   . . .     Faith    .     (no shield)
rPois  .         Spirit   .     (helmet restricted)
rElec  .         Dismiss  .     (no cloak)
rCorr  .         Reflect  .     (no gloves)
SustAt .         Harm     .     (no boots)
MR     .....     Rnd*Rage +     (no amulet)
Stlth  ..........               (no ring)
                                g - ring of flight

@: berserking (expiring), very quick, not resistant to hostile enchantments,
extremely unstealthy
A: retaliatory headbutt, horns 2, agile 2, berserk 1
a: Berserk, Trog's Hand, Burn Spellbooks, Renounce Religion, Evoke Flight


You were on level 6 of the Dungeon.
You worshipped Trog.
Trog was pleased with you.
You were not hungry.

You visited 1 branch of the dungeon, and saw 6 of its levels.

You collected 61 gold pieces.

Inventory:

Hand Weapons
 a - a +0 hand axe (weapon)
Missiles
 f - 8 curare-tipped needles
Armour
 q - a cursed +0 plate armour (worn)
Jewellery
 g - a ring of flight (left hand)
Scrolls
 h - a scroll of identify {unknown}
 j - 3 scrolls of random uselessness {unknown}
 l - a scroll of enchant weapon {unknown}
 m - a scroll of remove curse {unknown}
Comestibles
 b - a beef jerky
 c - 2 bread rations
 o - a meat ration


   Skills:
 - Level 3.6 Fighting
 + Level 10.0 Axes
 - Level 2.4 Armour
 - Level 2.1 Dodging


You had 6 spell levels left.
You didn't know any spells.

Dungeon Overview and Level Annotations

Branches:
Dungeon (6/15)
 Temple: D:4-7

Altars:
Yredelemnul

Shops:
D:5 :   D:6 *


Innate Abilities, Weirdness & Mutations

You reflexively headbutt those who attack you in melee.
You have a pair of horns on your head.
You are very agile. (Dex +4)
You tend to lose your temper in combat.


Message History

Prince Ribbit is heavily wounded.
Prince Ribbit hits you!
* * * LOW HITPOINT WARNING * * *
You slash Prince Ribbit! Your headbutt misses Prince Ribbit.
Prince Ribbit is severely wounded.
Prince Ribbit casts a spell.
Prince Ribbit looks slightly unstable.
You miss Prince Ribbit. Your headbutt misses Prince Ribbit.
Prince Ribbit is severely wounded.
Prince Ribbit hits you.
* * * LOW HITPOINT WARNING * * *
You slash Prince Ribbit!
You kill Prince Ribbit!
Trog accepts your kill.
Trog appreciates your killing of a magic user.
Your Axes skill increases to level 10!
You have reached level 7!
Unknown command.
The centaur wields a shortbow.
The centaur shoots an arrow.
The arrow hits you!
You die...

....# #
...........#
#... ##
...........#
#..## ##.
...........#
#..###..
.....[.....#
#.......
...........#
##......
..........#
##..####
...c.....# #..##
.......@#
######..# #
......###
##......## #
####.
#........## # #
#.........# ...
#.........##
#..#
##.........#
#..# #.....)...#
#...##........##
#...##......##


You could see a centaur.

Vanquished Creatures
  Prince Ribbit (D:6)
  An orc warrior (D:6)
  A sky beast (D:5)
  A crimson imp (D:6)
  An orc priest (D:3)
  2 orc wizards (D:6)
  An iguana (D:6)
  A worker ant (D:6)
  A hound skeleton (D:4)
  An adder (D:5)
  A giant gecko (D:4)
  11 orcs
  2 bats
  A goblin (D:3)
  A hobgoblin (D:2)
  4 jackals (D:3)
  3 kobolds
  A giant newt (D:5)
  A rat (D:3)
36 creatures vanquished.

Notes
Turn   | Place    | Note
--------------------------------------------------------------
     0 | D:1      | M4edhros the Minotaur Berserker began the quest for the Orb.
     0 | D:1      | Reached XP level 1. HP: 19/19 MP: 0/0
    34 | D:2      | Reached skill level 4 in Axes
    35 | D:2      | Found a basalt altar of Yredelemnul.
    47 | D:3      | Noticed an orc priest
    54 | D:3      | Killed an orc priest
    54 | D:3      | Reached skill level 5 in Axes
    54 | D:3      | Reached XP level 2. HP: 26/26 MP: 1/1
    54 | D:3      | Reached XP level 3. HP: 31/31 MP: 2/2
   333 | D:4      | Reached skill level 6 in Axes
   333 | D:4      | Reached XP level 4. HP: 33/39 MP: 3/3
   354 | D:5      | Entered Level 5 of the Dungeon
   354 | D:5      | Found Soicyosi's Book Boutique.
   363 | D:5      | Found a basalt altar of Yredelemnul.
   365 | D:5      | Noticed a sky beast
   373 | D:5      | Killed a sky beast
   373 | D:5      | Reached ** piety under Trog
   373 | D:5      | Reached skill level 7 in Axes
   373 | D:5      | Reached XP level 5. HP: 45/45 MP: 4/4
   430 | D:6      | Noticed an orc warrior
   444 | D:6      | Killed an orc warrior
   444 | D:6      | Reached skill level 8 in Axes
   444 | D:6      | Reached XP level 6. HP: 38/51 MP: 5/5
   470 | D:6      | Reached skill level 9 in Axes
   475 | D:6      | Noticed an orc warrior
   485 | D:6      | Gained mutation: Your muscles are strong. (Str +2) [potion of mutation]
   485 | D:6      | Gained mutation: You tend to lose your temper in combat. [potion of mutation]
   502 | D:6      | Found Ocaashra's General Store.
   504 | D:6      | Gained mutation: You are agile. (Dex +2) [potion of mutation]
   504 | D:6      | Gained mutation: You are very agile. (Dex +4) [potion of mutation]
   504 | D:6      | Lost mutation: Your muscles are strong. (Str +2) [potion of mutation]
   622 | D:6      | Noticed Prince Ribbit
   627 | D:6      | HP: 1/76 [Prince Ribbit (5)]
   628 | D:6      | Killed Prince Ribbit
   628 | D:6      | Reached skill level 10 in Axes
   628 | D:6      | Reached XP level 7. HP: 1/57 MP: 6/6
   629 | D:6      | Shot with an arrow by a centaur

Skill      XL: |  1  2  3  4  5  6 |
---------------+-------------------+-----
Axes           | 5 6 7 8 10 | 10.0
Fighting       | |  3.6
Armour         | |  2.4
Dodging        | |  2.1

Action                   |  1- 3 |  4- 6 |  7- 9 || total
-------------------------+-------+-------+-------++-------
Melee: Hand axe          |    49 |    53 |       ||   102
       Headbutt          |     3 |     3 |       ||     6
Invok: Berserk           |     1 |     3 |       ||     4
       Trog's Hand       |       |     1 |       ||     1
  Use: Potion            |       |     5 |       ||     5
  Eat: Pizza             |       |     1 |       ||     1
       Chunk             |       |     1 |       ||     1
Armor: Animal skin       |     1 |       |       ||     1
       Scale mail        |    30 |    10 |       ||    40
       Plate armour      |       |     7 |       ||     7
Dodge: Dodged            |    30 |    16 |       ||    46
